 Dungeon Crawl Stone Soup version 0.26.0-10-g1f06aea511 (webtiles) character file.

Game seed: 15414992380364462955

28 EnegeticOcto the Sneak (level 3, 0/33 HPs)
             Began as a Deep Dwarf Delver on Jan 14, 2021.
             Was an Initiate of Ru.
             Slain by a human zombie (5 damage)
             ... in an ossuary.
             The game lasted 00:01:23 (147 turns).

EnegeticOcto the Sneak (Deep Dwarf Delver)           Turns: 147, Time: 00:01:24

Health: 0/33       AC:  3    Str: 16    XL:     3   Next: 0%
Magic:  2/2        EV: 12    Int: 10    God:    Ru [......]
Gold:   0          SH:  0    Dex: 14    Spells: 2/2 levels left

rFire    . . .     SeeInvis .   a - +0 hand axe
rCold    . . .     Faith    .   (no shield)
rNeg     . . .     Spirit   .   b - +0 leather armour
rPois    .         Reflect  .   (no helmet)
rElec    .         Harm     .   (no cloak)
rCorr    .         Rampage  .   (no gloves)
Will     .....                  (no boots)
Stlth    +++.......             (no amulet)
HPRegen  0.00/turn              (no ring)
MPRegen  0.08/turn              (no ring)

@: non-regenerating
A: damage resistance, heal wounds, sense surroundings 1, no regeneration
a: Heal Wounds, Renounce Religion


You were in an ossuary.
You worshipped Ru.
Ru was noncommittal.
You visited 2 branches of the dungeon, and saw 2 of its levels.
You also visited: Ossuary.

Inventory:

Hand Weapons
 a - a +0 hand axe (weapon)
Armour
 b - a +0 leather armour (worn)
Wands
 g - a wand of digging (3) {@v3}
Scrolls
 c - a scroll of fog
 d - a scroll of magic mapping {@r5}
 e - a scroll of fear
Potions
 f - a potion of haste {@q4}


   Skills:
 - Level 2.6 Fighting
 + Level 3.9 Axes
 - Level 2.1 Dodging
 - Level 6.0 Stealth


You had 2 spell levels left.
You didn't know any spells.
Your spell library was empty.

Dungeon Overview and Level Annotations

Branches:
Dungeon (5/15)             Temple (1/1) D:5         Ossuary (1/1)

Altars:
Ashenzari
Elyvilon
Ru


Innate Abilities, Weirdness & Mutations

You are resistant to damage.
You can heal yourself by infusing magical energy.
You passively map a small area around you.
You do not regenerate.


Message History

The human zombie is moderately damaged.
The human zombie barely misses you. The human zombie closely misses you.
You hit the human zombie.
The human zombie is heavily damaged.
You hit the human zombie but do no damage.
The human zombie hits you but does no damage.
The human zombie barely misses you.
You hit the human zombie but do no damage.
The human zombie is heavily damaged.
You hit the human zombie.
The human zombie hits you but does no damage.
You closely miss the human zombie.
The human zombie is heavily damaged.
You hit the human zombie. The human zombie barely misses you.
The human zombie hits you.
You hit the human zombie.
The human zombie is heavily damaged.
You hit the human zombie. The human zombie misses you.
You hit the human zombie.
The human zombie is heavily damaged.
You hit the human zombie but do no damage.
The human zombie hits you!
* * * LOW HITPOINT WARNING * * *
The human zombie barely misses you.
You barely miss the human zombie.
The human zombie is heavily damaged.
You hit the human zombie. The human zombie hits you. x2
* * * LOW HITPOINT WARNING * * *
Your magical essence is drained by the effort!
You feel much better.
The human zombie hits you but does no damage.
The human zombie barely misses you.
You barely miss the human zombie.
The human zombie is heavily damaged.
You closely miss the human zombie. The human zombie hits you!
The human zombie completely misses you.
You hit the human zombie.
The human zombie is severely damaged.
You barely miss the human zombie. The human zombie hits you!
The human zombie hits you but does no damage.
You hit the human zombie.
The human zombie is severely damaged.
You barely miss the human zombie. The human zombie hits you. x2
* * * LOW HITPOINT WARNING * * *
You hit the human zombie.
The human zombie is severely damaged.
You hit the human zombie. The human zombie hits you.
* * * LOW HITPOINT WARNING * * *
The human zombie hits you.
You slash the human zombie!
The human zombie is almost destroyed.
You hit the human zombie.
The human zombie hits you but does no damage. x2
You hit the human zombie.
You destroy the human zombie!
You hit the human zombie. The human zombie closely misses you.
Your Axes skill increases to level 3!
You have reached level 2!
You have reached level 3!
Your experience leads to an increase in your attributes!
Increase (s)trength, (i)ntelligence, or (d)exterity?
You feel stronger.
You feel much better.
You hit the human zombie.
The human zombie is heavily damaged.
The human zombie misses you.
You hit the human zombie.
The human zombie is heavily damaged.
The human zombie hits you.
You hit the human zombie.
The human zombie is severely damaged.
The human zombie hits you.
You hit the human zombie.
The human zombie is severely damaged.
The human zombie barely misses you.
You hit the human zombie.
The human zombie is severely damaged.
The human zombie hits you.
You hit the human zombie but do no damage.
The human zombie is severely damaged.
The human zombie hits you.
You hit the human zombie but do no damage.
The human zombie is severely damaged.
The human zombie hits you.
You hit the human zombie but do no damage.
The human zombie is severely damaged.
You hit the human zombie.
The human zombie is almost destroyed.
The human zombie hits you but does no damage.
You barely miss the human zombie.
The human zombie is almost destroyed.
The human zombie hits you.
* * * LOW HITPOINT WARNING * * *
You closely miss the human zombie.
The human zombie is almost destroyed.
The human zombie hits you.
* * * LOW HITPOINT WARNING * * *
You fail to use your ability.
The human zombie hits you.
You fail to use your ability.
The human zombie hits you!
You die...

*, * * #+# ###.###
*## ##.....## *
..## * #.......#
,....# ,
##...∩..Z###.....#
, ,
+...∩∩∩@..'......M
,
##...∩...###.....#
* , #.......#
*,....# ##.....##
..## ###.### * *##
#+# , ,


You could see a human zombie.

Vanquished Creatures
  A human zombie (Ossuary)
1 creature vanquished.

Notes
Turn   | Place    | Note
-------+----------+-------------------------------------------
     0 | D:5      | EnegeticOcto the Deep Dwarf Delver began the quest for the
                  | Orb.
     0 | D:5      | Reached XP level 1. HP: 20/20 MP: 1/1
     1 | D:5      | Found a staircase to the Ecumenical Temple.
    12 | Temple   | Entered the Ecumenical Temple
    34 | Temple   | Became a worshipper of Ru the Awakened
    64 | D:5      | Noticed a phantom
    84 | D:5      | Noticed an iguana
    93 | D:5      | Found a sand-covered staircase.
    98 | Ossuary  | Entered an ossuary
   134 | Ossuary  | Reached XP level 2. HP: 2/27 MP: 1/1
   134 | Ossuary  | Reached XP level 3. HP: 3/33 MP: 2/2
   147 | Ossuary  | Slain by a human zombie

Illustrated notes

Levels and vault maps discovered:
D:5:      layout_cave_pools, eat_drink_and_be_merry_uskayaw,
          minmay_temple_entry_statues, enter_ossuary_5, uniq_prince_ribbit1
Temple:   nicolae_temple_figure_eight
Ossuary:  ossuary_minmay_four_chambers

Skill      XL: |  1 |
---------------+----+-----
Axes           | 3 |  3.9
Fighting       | |  2.6
Dodging        | |  2.1
Stealth        | |  6.0

Action                   || total
-------------------------++-------
Melee: Hand axe          ||    31
 Abil: Heal Wounds       ||     2
Armor: Leather armour    ||     8
Dodge: Dodged            ||    16
